 Dungeon Crawl Stone Soup version 0.28.0-45-g0d030f2227 (webtiles) character file.

Game seed: 17588595961879773313

80 101zpm the Magician (level 4, -4/31 HPs)
             Began as a Djinni Ice Elementalist on Apr 15, 2022.
             Slain by Grinder (7 damage)
             ... on level 3 of the Dungeon.
             The game lasted 00:07:32 (4222 turns).

101zpm the Magician (Djinni Ice Elementalist)       Turns: 4222, Time: 00:07:32

Health: -4/31      AC:  9    Str:  7    XL:     4   Next: 65%
Gold:   58         EV: 12    Int: 19    God:
                   SH:  0    Dex: 13

rFire   + + .      SeeInvis .   (no weapon)
rCold   x . .      Faith    .   (no shield)
rNeg    . . .      Spirit   .   a - +0 robe
rPois   ∞          Reflect  .   (no helmet)
rElec   .          Harm     .   g - +0 cloak
rCorr   .          Rampage  .   (no gloves)
Will    .....                   (boots unavailable)
Stlth   ++........              (no amulet)
HPRegen 0.10/turn               (no ring)
MPRegen 0.00/turn               (no ring)

@: ice-armoured, freezing walls, flying
A: sickness immunity, fire resistance 2, cold vulnerability 1, float, innate
caster, HP casting, extra vitality 1
a: no special abilities


You were on level 3 of the Dungeon.
You visited 1 branch of the dungeon, and saw 3 of its levels.

You collected 58 gold pieces.

Inventory:

Armour
 a - a +0 robe (worn)
 g - a +0 cloak (worn)
Jewellery
 j - a ring of protection from fire
Scrolls
 b - 5 scrolls of identify {unknown}
 d - a scroll of vulnerability {unknown}
 e - a scroll of immolation {unknown}
 h - a scroll of enchant armour {unknown}
Potions
 c - 2 potions of berserk rage {unknown}
 f - a potion of heal wounds {unknown}
 i - 3 potions of degeneration {unknown}


   Skills:
 + Level 0.1 Fighting
 + Level 2.3 Dodging
 + Level 1.8 Stealth
 + Level 4.4 Spellcasting


You couldn't memorise any spells.
You knew the following spells:

 Your Spells              Type           Power      Damage    Failure   Level
a - Freeze                Ice            84%        1d10      2%          1
b - Frozen Ramparts       Ice            42%        1d6       6%          3
c - Ozocubu's Armour      Ice            21%        N/A       6%          3
d - Hailstorm             Conj/Ice       21%        3d6       22%         4
e - Slow                  Hex            84%        N/A       2%          1
Your spell library was empty.

Dungeon Overview and Level Annotations

Branches:
Dungeon (3/15)

Altars:

Annotations:
D:3 Grinder


Innate Abilities, Weirdness & Mutations

You are immune to sickness and miasma.
You are immune to poison.
Your flesh is very heat resistant. (rF++)
You are vulnerable to cold. (rC-)
You float through the air rather than walking.
You learn spells naturally, not from books.
Your magical power is your life essence.
You have superior vitality. (+4 MHP)


Message History

The frozen ramparts melt away.
Grinder hits you but does no damage.
You can move again.
Casting: Ozocubu's Armour (dangerous; 6% risk of failure)
Confirm with . or Enter, or press ? or * to list all spells.
Casting: Frozen Ramparts (dangerous; 6% risk of failure)
Press: ? - help, Dir - look around, f - activate The walls around you are covered in ice.
* * * LOW HITPOINT WARNING * * *
Grinder resists.
The wall freezes Grinder.
Grinder gestures at you.
You shrug off the repeated paralysis!
Aiming: Freeze (safe; 2% risk of failure)
Press: ? - help, Q - select action, (/) - cycle Shift-Dir - straight line, f - Grinder
Aim: Grinder (lightly wounded, slow)
You freeze Grinder but do no damage.
Grinder completely resists.
* * * LOW HITPOINT WARNING * * *
Grinder resists.
The wall freezes Grinder.
Grinder gestures at you.
You suddenly lose the ability to move!
You can move again.
Aiming: Freeze (safe; 2% risk of failure)
Press: ? - help, Q - select action, (/) - cycle Shift-Dir - straight line, f/p - Grinder
Aim: Grinder (lightly wounded, slow)
You freeze Grinder.
Grinder resists.
Grinder is lightly wounded.
* * * LOW HITPOINT WARNING * * *
Grinder resists.
The wall freezes Grinder.
Grinder hits you but does no damage.
Aiming: Freeze (safe; 2% risk of failure)
Press: ? - help, Q - select action, (/) - cycle Shift-Dir - straight line, f/p - Grinder
Aim: Grinder (lightly wounded, slow)
You freeze Grinder.
Grinder resists.
Grinder is lightly wounded.
* * * LOW HITPOINT WARNING * * *
Grinder resists.
The wall freezes Grinder.
Grinder closely misses you.
Grinder completely resists.
The wall freezes Grinder but does no damage.
Grinder barely misses you.
Grinder resists.
The wall freezes Grinder.
Grinder hits you!
You die...

............#+##
............#.# #.....#
.#..........#.###.....##
................#......#
...#...#.#.##.###......#..
.......<.#o#............?.
.###...o.#................#
.........#.#..##5..###......
.............?..@...........
..............##.#...........#
.........#.......#............
..(...##.####.####............
.....# #.. #......#....## #.#
...... #.. #...........# #.#
...... ... #...........# #.#
...... .. ....###......#
#.#### #.....
....###....).####.##.#


You could see Grinder (slow).

Vanquished Creatures
  2 dart slugs
  3 orcs (D:3)
  4 bats
  8 endoplasms
  2 giant cockroaches (D:1)
  5 goblins
  5 hobgoblins
  13 jackals
  5 quokkas
  A ball python (D:1)
  6 frilled lizards
  3 kobolds
  3 rats
60 creatures vanquished.

Notes
Turn   | Place    | Note
-------+----------+-------------------------------------------
     0 | D:1      | 101zpm the Djinni Ice Elementalist began the quest for the
                  | Orb.
     0 | D:1      | Reached XP level 1. HP: 15/15 MP: 0/0
   160 | D:1      | Reached XP level 2. HP: 21/21 MP: 0/0
   782 | D:1      | Reached XP level 3. HP: 5/25 MP: 0/0
   782 | D:1      | Learned a level 1 spell: Slow
  1745 | D:1      | Reached skill level 4 in Spellcasting
  2499 | D:2      | Reached XP level 4. HP: 30/31 MP: 0/0
  2942 | D:3      | Noticed Grinder
  4208 | D:3      | Paralysed by Grinder for 7 turns
  4216 | D:3      | Paralysed by Grinder for 2 turns
  4222 | D:3      | Slain by Grinder

Illustrated notes

Levels and vault maps discovered:
D:1:      minmay_arrival_four_loops, layout_basic
D:2:      layout_basic
D:3:      layout_basic, minmay_snake_closets, uniq_grinder

Skill      XL: |  1  2  3 |
---------------+----------+-----
Spellcasting   | 4 |  4.4
Fighting       | |  0.1
Dodging        | |  2.3
Stealth        | |  1.8

Action                   |  1- 3 |  4- 6 || total
-------------------------+-------+-------++-------
Melee: Unarmed           |     8 |       ||     8
 Cast: Freeze            |    62 |    13 ||    75
       Slow              |       |    15 ||    15
       Frozen Ramparts   |       |    13 ||    13
       Ozocubu's Armour  |       |     2 ||     2
Armor: Robe              |    11 |     2 ||    13
Dodge: Dodged            |    38 |    11 ||    49
